AoeStats
← Chaos

Arena

508499282Analyzed
3v3 RM · 11d ago on Sep 22, 2026· 64m 48s· 6 players
Game mode
Random Map
Map size
Normal (6 player)
Population
200
Speed
Normal
Resources
Standard
Victory
Conquest
Starting age
Dark Age
Ending age
Imperial Age
RankedLock teamsTeams togetherTeam positionsShared explorationLock speedFull tech treeHidden civsTurbo modeCheats
Victory
Defeat
🇹🇷 Spanish · Türkiye
1029
+13
🇹🇷 Poles · Türkiye
1001
+15
🇹🇷 Chinese · Türkiye
950
+17
🇦🇷 Tatars · Argentina
1006
-16
🇹🇭 Maya · Thailand
961
-15
🇹🇭 Bohemians · Thailand
945
-14
Erkal
2:46 Loom
10:49 Feudal Age
11:28 Double-Bit Axe
11:24 Horse Collar
17:21 Castle Age
18:30 Heavy Plow
21:09 Bow Saw
23:29 Wheelbarrow
27:58 Imperial Age
27:09 Scale Barding Armor
26:55 Fletching
27:15 Forging
27:31 Hand Cart
27:45 Szlachta Privileges
28:40 Bloodlines
28:40 Husbandry
30:50 Chemistry
30:08 Cavalier
32:26 Gold Mining
33:02 Chain Barding Armor
33:42 Iron Casting
36:04 Blast Furnace
34:35 Elite Skirmisher
35:44 Padded Archer Armor
36:49 Caravan
37:36 Ballistics
38:47 Leather Archer Armor
40:17 Crop Rotation
41:08 Masonry
41:17 Bodkin Arrow
42:13 Bracer
44:49 Conscription
44:15 Treadmill Crane
44:46 Fortified Wall
44:43 Siege Engineers
53:36 Scale Mail Armor
53:37 Pikeman
54:17 Squires
56:45 Elite Obuch
59:19 Murder Holes
60:09 Chain Mail Armor
59:42 Town Watch
60:15 Arson
65:27 Hoardings
Sürpriz yaparım
10:51 Feudal Age
9:33 Loom
14:35 Castle Age
13:29 Double-Bit Axe
29:53 Gold Mining
35:18 Wheelbarrow
34:28 Horse Collar
34:59 Bow Saw
39:50 Imperial Age
38:49 Heavy Plow
38:59 Husbandry
39:14 Husbandry
40:12 Bloodlines
40:05 Cavalier
43:40 Paladin
46:12 Two-Man Saw
47:48 Hand Cart
51:49 Scale Barding Armor
51:54 Forging
54:12 Light Cavalry
55:07 Caravan
55:38 Coinage
55:41 Chain Barding Armor
55:57 Iron Casting
55:32 Hussar
62:58 Blast Furnace
62:47 Plate Barding Armor
Chaos
14:43 Feudal Age
16:47 Horse Collar
16:53 Double-Bit Axe
20:02 Castle Age
24:20 Bow Saw
26:06 Heavy Plow
26:33 Elite Skirmisher
27:18 Padded Archer Armor
27:09 Fletching
27:30 Forging
27:29 Pikeman
28:11 Squires
28:33 Leather Archer Armor
29:25 Wheelbarrow
29:14 Ballistics
28:51 Bodkin Arrow
31:11 Hand Cart
32:19 Iron Casting
31:45 Scale Mail Armor
31:50 Scale Barding Armor
37:24 Imperial Age
37:15 Husbandry
38:02 Elite Chu Ko Nu
40:06 Ring Archer Armor
39:58 Gold Mining
39:59 Stone Mining
41:17 Two-Man Saw
39:43 Crossbowman
40:29 Thumb Ring
41:31 Blast Furnace
44:21 Rocketry
45:23 Cavalier
47:15 Heavy Rocket Cart
OKI ™
12:27 Feudal Age
12:53 Horse Collar
13:01 Double-Bit Axe
14:26 Wheelbarrow
13:58 Gold Mining
19:54 Castle Age
18:15 Fletching
18:26 Padded Archer Armor
20:45 Bow Saw
21:19 Heavy Plow
23:04 Bodkin Arrow
25:08 Hand Cart
26:22 Leather Archer Armor
31:27 Imperial Age
33:23 Bracer
39:00 Ring Archer Armor
38:32 Heavy Cavalry Archer
41:20 Conscription
41:12 Silk Armor
42:45 Light Cavalry
43:36 Bloodlines
43:28 Husbandry
43:21 Hussar
46:05 Scale Barding Armor
48:11 Chain Barding Armor
48:02 Forging
49:28 Plate Barding Armor
51:45 Iron Casting
Cody
10:27 Feudal Age
10:06 Loom
16:05 Castle Age
14:42 Double-Bit Axe
17:33 Wheelbarrow
29:32 Elite Skirmisher
30:04 Horse Collar
37:40 Bow Saw
40:12 Imperial Age
37:59 Hand Cart
38:24 Town Watch
38:50 Padded Archer Armor
38:40 Fletching
38:53 Padded Archer Armor
39:57 Chemistry
40:32 Bodkin Arrow
40:54 Leather Archer Armor
40:41 Scale Mail Armor
40:53 Forging
41:47 Heavy Plow
41:33 Onager
43:39 Siege Engineers
43:16 Pikeman
43:56 Squires
44:26 Halberdier
45:44 Iron Casting
45:55 Bracer
46:13 Chain Mail Armor
47:06 Bracer
50:04 Ballistics
59:20 Two-Man Saw
61:05 Ring Archer Armor
61:08 Plate Mail Armor
61:40 Blast Furnace
61:38 Guilds
Zozimbo
0:35 Loom
9:59 Feudal Age
16:47 Castle Age
16:30 Horse Collar
16:37 Double-Bit Axe
21:16 Pikeman
22:02 Padded Archer Armor
21:52 Fletching
22:33 Elite Skirmisher
25:24 Bow Saw
29:10 Squires
29:32 Heavy Plow
34:12 Imperial Age
34:19 Leather Archer Armor
33:54 Fletching
35:10 Halberdier
39:03 Town Watch
42:30 Wheelbarrow
42:34 Crop Rotation
41:59 Gold Mining
42:02 Stone Mining
43:05 Elite Plumed Archer
44:27 Hand Cart
45:13 Ring Archer Armor
44:38 Bodkin Arrow
47:32 Chemistry
46:53 Ballistics
49:20 Two-Man Saw
48:25 Town Patrol
48:28 Bracer
48:38 Forging
52:34 Forging
55:10 Holcans
54:41 Hul'che Javelineers
Connection lost

Rejoining the realm…

Still unreachable

The connection could not be restored.

Session expired

The server has moved on; the page needs a fresh start.